 Dungeon Crawl Stone Soup version 0.18-a0-1413-g4eaa9ac (webtiles) character file.

149 Duffy the Caller (level 5, -11/35 HPs)
             Began as a Demonspawn Summoner on Feb 26, 2016.
             Killed by divine providence
             ... invoked by an orc priest
              (17 damage)
             ... on level 3 of the Dungeon.
             The game lasted 00:03:21 (2545 turns).

Duffy the Caller (Demonspawn Summoner)              Turns: 2545, Time: 00:03:21

Health: -11/35     AC:  4    Str:  8    XL:     5   Next: 9%
Magic:  1/8        EV: 12    Int: 18    God:
Gold:   88         SH:  2    Dex: 13    Spells: 3 memorised, 2 levels left

rFire  . . .     SeeInvis .     o - +2 short sword (venom)
rCold  . . .     Gourm    .     a - +0 robe
rNeg   . . .     Faith    .     (no shield)
rPois  .         Spirit   .     (helmet restricted)
rElec  .         Dismiss  .     (no cloak)
rCorr  .         Reflect  .     (no gloves)
SustAt .         Harm     .     (no boots)
MR     .....                    (no amulet)
Stlth  +++.......               (no ring)
                                (no ring)

@: not resistant to hostile enchantments, fairly stealthy
A: horns 1, large bone plates 1, nightstalker 1
a: no special abilities


You were on level 3 of the Dungeon.
You were not hungry.

You visited 1 branch of the dungeon, and saw 3 of its levels.

You collected 88 gold pieces.


Innate Abilities, Weirdness & Mutations

You have a pair of small horns on your head.
You are partially covered in large bone plates (AC +2, SH +2).
You are slightly more attuned to the shadows.


   Skills:
 - Level 1.7 Dodging
 - Level 1.7 Stealth
 - Level 2.0 Spellcasting
 + Level 6.4 Summonings


You had 2 spell levels left.
You knew the following spells:

 Your Spells              Type           Power        Failure   Level  Hunger
a - Summon Small Mammal   Summ           ####         1%          1    #......
i - Call Imp              Summ           ####....     1%          2    ###....
n - Call Canine Familiar  Summ           ####....     4%          3    ###....

Inventory:

Hand Weapons
 d - a +0 whip
 m - a +0 short sword of electrocution
 o - a +2 short sword of venom (weapon)
Missiles
 p - 18 poisoned needles
Armour
 a - a +0 robe (worn)
 j - a +0 helmet
Scrolls
 g - 3 scrolls of identify {unknown}
 h - 3 scrolls of remove curse {unknown}
 s - a scroll of fear {unknown}
 v - a scroll of random uselessness {unknown}
 x - a scroll of magic mapping {unknown}
 y - a scroll of fog {unknown}
 z - a scroll of recharging {unknown}
Potions
 e - a potion of beneficial mutation {unknown}
 f - 3 potions of curing {unknown}
 i - a potion of mutation {unknown}
 q - a potion of degeneration {unknown}
 t - a potion of flight {unknown}
 u - a potion of heal wounds {unknown}
 w - a potion of cancellation {unknown}
Books
 b - a book of Callings
Comestibles
 c - 4 bread rations
 k - 2 beef jerkies
 l - 5 chunks of flesh
 n - a slice of pizza
 r - 3 meat rations
 A - 2 fruits

Dungeon Overview and Level Annotations

Branches:
Dungeon (3/15)

Altars:
Ashenzari


Message History

You barely miss the orc wizard. You headbutt the orc wizard.
The orc wizard is severely wounded.
The orc wizard barely misses you.
Your hound bites the orc wizard.
The orc zaps a wand.
The puff of flame hits you!
It is a wand of flame.
Your crimson imp barely misses the orc.
The orc wizard hits you with a dagger.
A jackal comes into view.
You are too injured to fight recklessly!
You are too injured to fight recklessly!
You are too injured to fight recklessly!
The orc misses your crimson imp.
The orc hits your hound but does no damage.
Your hound barely misses the orc.
Your crimson imp blinks!
The orc wizard casts a spell at you. The magic dart hits your white imp.
A jackal comes into view.
Your hound bites the orc.
The orc hits your hound with a hand axe.
Your white imp barely misses the orc wizard.
The orc wizard barely misses your white imp.
The orc priest casts a cantrip, but nothing happens.
Some of the chunks of flesh in your inventory have rotted away.
You hit the orc wizard but do no damage.
The orc wizard is poisoned.
You kill the orc wizard!
You have reached level 5!
Your hound closely misses the orc.
The orc wizard hits you with a dagger.
Your hound bites the orc.
The orc hits your hound with a hand axe.
You hit the orc wizard.
The orc wizard is heavily wounded.
Your hound bites the orc.
The orc wizard barely misses you.
The orc priest mumbles some strange prayers to Beogh against you.
Beogh smites you!
You die...

..##### ......#####.
..###........### ###.
..###...####....##.5.
............:....Z...
..#.........#..$....
...<...............# ...
#.#..........##o##h##....
#............#..@ohoh....
#.......#....#..5.h#h....
............#....).......
#####....................
##.......................
........#.##.......##....
........#..#.......###..
....................# ##
.....######.........#


You could see an orc priest, an orc wizard, an orc, 4 jackals, a friendly hound
and a friendly white imp.

Action                   |  1- 3 |  4- 6 || total
-------------------------+-------+-------++-------
Melee: Whip              |    31 |       ||    31
       Short sword       |    60 |    55 ||   115
 Cast: Summon Small Mamm |     5 |       ||     5
       Call Canine Famil |     2 |     5 ||     7
       Call Imp          |     1 |     5 ||     6
 Stab: Sleeping          |     4 |     2 ||     6
       Distracted        |       |     1 ||     1
  Eat: Chunk             |     2 |     4 ||     6

Notes
Turn   | Place    | Note
--------------------------------------------------------------
     0 | D:1      | Duffy the Demonspawn Summoner began the quest for the Orb.
     0 | D:1      | Reached XP level 1. HP: 13/13 MP: 3/3
   343 | D:1      | Gained mutation: You are partially covered in large bone plates (AC +2, SH +2). [demonic ancestry]
   343 | D:1      | Reached XP level 2. HP: 4/19 MP: 5/5
   838 | D:1      | Learned a level 2 spell: Call Imp
  1119 | D:2      | Reached skill level 5 in Summonings
  1119 | D:2      | Gained mutation: You are slightly more attuned to the shadows. [demonic ancestry]
  1119 | D:2      | Reached XP level 3. HP: 17/24 MP: 6/6
  1124 | D:2      | Learned a level 3 spell: Call Canine Familiar
  1412 | D:2      | Gained mutation: You have a pair of small horns on your head. [demonic ancestry]
  1412 | D:2      | Reached XP level 4. HP: 26/30 MP: 1/7
  2308 | D:3      | Reached skill level 6 in Summonings
  2329 | D:3      | Found a shattered altar of Ashenzari.
  2544 | D:3      | Reached XP level 5. HP: 7/35 MP: 1/8
  2545 | D:3      | Killed from afar by an orc priest

Vault maps used:
D:1:      ncdulo_lavacross, kennysheep_another_room,
          hangedman_decor_diamond_cutter
D:2:      first_bread
D:3:      ashenzari_conservatory_becter

Vanquished Creatures
  An orc wizard
  5 adders
  4 worms
  5 dart slugs
  4 giant geckos
  5 orcs
  2 giant cockroaches
  9 goblins
  5 hobgoblins
  8 jackals
  2 quokkas
  4 bats
  4 giant newts
  4 kobolds
  6 rats
68 creatures vanquished.
